 Dungeon Crawl Stone Soup version 0.31.0-12-g77e489cdc1 (webtiles) character file.

Game seed: 7239408057032282271

8 Silvore the Trooper (level 2, -1/24 HPs)
             Began as a Demonspawn Fighter on Feb 12, 2024.
             Slain by a hobgoblin (3 damage)
             ... on level 2 of the Dungeon.
             The game lasted 00:00:28 (441 turns).

Silvore the Trooper (Demonspawn Fighter)             Turns: 441, Time: 00:00:28

Health: -1/24      AC:  6    Str: 16    XL:     2   Next: 0%
Magic:  2/2        EV:  8    Int:  8    God:
Gold:   0          SH:  4    Dex: 12    Spells: 1/1 levels left

rFire   . . .        a - +0 long sword
rCold   . . .        c - +0 buckler
rNeg    . . .        b - +0 scale mail
rPois   .            (no helmet)
rElec   .            (no cloak)
rCorr   .            (no gloves)
SInv    .            (no boots)
Will    .....        (no amulet) Stlth
                     (no ring)
HPRegen 0.24/turn    (no ring)
MPRegen 0.08/turn

%: no passive effects
@: no status effects
A: claws 1
a: no special abilities


You were on level 2 of the Dungeon.
You visited 1 branch of the dungeon, and saw 2 of its levels.

Inventory:

Hand Weapons
 a - a +0 long sword (weapon)
Armour
 b - a +0 scale mail (worn)
 c - a +0 buckler (worn)
Scrolls
 e - a scroll of identify {unknown}
Potions
 d - 2 potions of might


   Skills:
 + Level 3.1 Fighting
 + Level 1.9 Long Blades
 + Level 2.8 Armour
 + Level 2.8 Shields


You had one spell level left.
You didn't know any spells.
Your spell library was empty.

Dungeon Overview and Level Annotations

Branches:
Dungeon (2/15)

Altars:


Innate Abilities, Weirdness & Mutations

You have sharp fingernails.


Message History

The giant cockroach bites you but does no damage.
The giant cockroach bites you but does no damage.
The hobgoblin hits you.
The giant cockroach bites you but does no damage.
The hobgoblin hits you.
The giant cockroach bites you but does no damage.
The hobgoblin hits you.
* * * LOW HITPOINT WARNING * * *
The giant cockroach bites you but does no damage.
The hobgoblin hits you but does no damage.
You block the giant cockroach's attack.
The hobgoblin hits you but does no damage.
The giant cockroach bites you but does no damage.
You block the giant cockroach's attack.
The hobgoblin hits you but does no damage.
The giant cockroach bites you.
* * * LOW HITPOINT WARNING * * *
You block the hobgoblin's attack. The giant cockroach barely misses you.
The hobgoblin hits you but does no damage.
The giant cockroach barely misses you. The hobgoblin hits you.
* * * LOW HITPOINT WARNING * * *
The giant cockroach bites you but does no damage.
You block the hobgoblin's attack.
The giant cockroach bites you but does no damage.
The giant cockroach bites you.
* * * LOW HITPOINT WARNING * * *
The hobgoblin hits you but does no damage.
The giant cockroach bites you but does no damage.
The hobgoblin hits you.
* * * LOW HITPOINT WARNING * * *
The giant cockroach bites you.
* * * LOW HITPOINT WARNING * * *
You block the hobgoblin's attack. You block the giant cockroach's attack.
The hobgoblin barely misses you. The giant cockroach closely misses you.
The hobgoblin hits you but does no damage.
The giant cockroach bites you but does no damage.
You block the giant cockroach's attack. The hobgoblin hits you.
You die...

##.....######..
#.............
#......###...#
#.........>..
#.........##
#.#.......#
#.#.......#
#.#..B....#
..#..@g...# .
#.......#
#.(.....#
#.......#
#.......#
#.......#
#########


You could see a giant cockroach and a hobgoblin.

Vanquished Creatures
  3 endoplasms (D:1)
  A goblin (D:1)
  A hobgoblin (D:1)
  A kobold (D:1)
6 creatures vanquished.

Notes
Turn   | Place    | Note
-------+----------+-------------------------------------------
     0 | D:1      | Silvore the Demonspawn Fighter began the quest for the Orb.
     0 | D:1      | Reached XP level 1. HP: 18/18 MP: 1/1
   309 | D:1      | Gained mutation: You have sharp fingernails. [demonic
                  | ancestry]
   309 | D:1      | Reached XP level 2. HP: 15/24 MP: 2/2
   438 | D:2      | HP: 1/24 [giant cockroach (1)]
   441 | D:2      | Slain by a hobgoblin

Illustrated notes

Levels and vault maps discovered:
D:1:      minmay_arrival_wavy_path, layout_loops_cross
D:2:      minmay_inner_zag, layout_basic

Action                     || total
---------------------------++-------
  Melee: Long sword        ||    34
 Armour: Scale mail        ||   133
  Dodge: Dodged            ||    81
  Block: Buckler           ||    48
